 Dungeon Crawl Stone Soup version 0.22.1-1-ga44c0e5 (webtiles) character file.

1485 Fang the Chopper (level 8, -3/51 HPs)
             Began as a Gargoyle Berserker on Sept 20, 2018.
             Was a Priest of Trog.
             Shot with an arrow by a centaur (11 damage)
             ... on level 7 of the Dungeon.
             The game lasted 00:14:58 (6498 turns).

Fang the Chopper (Gargoyle Berserker)               Turns: 6498, Time: 00:14:59

Health: -3/51      AC: 11    Str: 22    XL:     8   Next: 79%
Magic:  8/8        EV: 19    Int: 12    God:    Trog [***...]
Gold:   239        SH:  0    Dex: 14    Spells: 7/7 levels left

rFire    . . .     SeeInvis .   a - +0 hand axe
rCold    + . .     Gourm    .   (no shield)
rNeg     + + .     Faith    .   A - +2 robe {rC+}
rPois    ∞         Spirit   .   w - +2 hat
rElec    +         Reflect  .   (no cloak)
rCorr    .         Harm     .   (no gloves)
MR       .....                  (no boots)
Stlth    +++.......             I - amulet of magic regeneration
HPRegen  0.17/turn              F - ring of positive energy
MPRegen  0.36/turn              C - +3 ring of intelligence

@: agile
A: negative energy resistance 1, electricity resistance, unbreathing,
petrification resistance, rot immunity, AC +5
a: Berserk, Trog's Hand, Renounce Religion


You were on level 7 of the Dungeon.
You worshipped Trog.
Trog was most pleased with you.
You were very hungry.

You visited 1 branch of the dungeon, and saw 7 of its levels.

You collected 239 gold pieces.

Inventory:

Hand Weapons
 a - a +0 hand axe (weapon)
Armour
 w - a +2 hat (worn)
 A - a +2 robe of cold resistance (worn)
Jewellery
 f - an uncursed ring of protection from fire
 v - an uncursed ring of protection from magic
 C - a +3 ring of intelligence (right hand)
 F - a ring of positive energy (left hand)
 I - an amulet of magic regeneration (around neck)
Wands
 u - a wand of iceblast (7)
 y - a wand of paralysis (18)
 B - a wand of polymorph (14)
 D - a wand of disintegration (13)
 J - a wand of flame (35)
Scrolls
 d - 2 scrolls of random uselessness {unknown}
 e - 2 scrolls of noise {unknown}
 h - 4 scrolls of blinking {unknown}
 i - 4 scrolls of teleportation {unknown}
 l - a scroll of magic mapping {unknown}
 m - 2 scrolls of enchant armour {unknown}
 o - 13 scrolls of identify {unknown}
 r - 2 scrolls of amnesia {unknown}
 t - 3 scrolls of immolation {unknown}
 x - 3 scrolls of remove curse {unknown}
 z - 2 scrolls of fog {unknown}
 E - a scroll of fear {unknown}
Potions
 b - a potion of might {unknown}
 g - 4 potions of agility
 j - a potion of cancellation {unknown}
 k - 3 potions of magic {unknown}
 n - 2 potions of resistance {unknown}
 p - 2 potions of heal wounds {unknown}
 q - 2 potions of degeneration {unknown}
 s - a potion of brilliance {unknown}
 G - a potion of berserk rage {unknown}
 H - 3 potions of curing {unknown}
Comestibles
 c - 6 rations


   Skills:
 + Level 6.2 Fighting
 + Level 7.4 Axes
 + Level 2.4 Armour
 + Level 4.4 Dodging
 + Level 2.7 Stealth


You had 7 spell levels left.
You didn't know any spells.
Your spell library was empty.

Dungeon Overview and Level Annotations

Branches:
Dungeon (7/15)
 Temple: D:4-7

Altars:
Dithmenos
Fedhas
Gozag
Kikubaaqudgha
Makhleb
Vehumet
Wu Jian
Yredelemnul


Innate Abilities, Weirdness & Mutations

You are resistant to torment.
Your stone body is resilient. (AC +5)
You are immune to poison.
You resist negative energy. (rN+)
You are resistant to electric shocks. (rElec)
You can survive without breathing.
You are immune to petrification.
You are immune to rotting.


Message History

You slash the shadow imp!
You kill the shadow imp!
Trog accepts your kill.
The centaur shoots an arrow.
The arrow closely misses you.
Unknown command.
The centaur shoots an arrow.
The arrow hits you but does no damage.
Things that are here:
an arrow; a scroll labeled UGENIA EQOA Unknown command.
The centaur shoots an arrow.
The arrow misses you.
The centaur shoots an arrow.
The arrow hits you.
* * * LOW HITPOINT WARNING * * *
The centaur shoots an arrow.
The arrow hits you!
* * * LOW HITPOINT WARNING * * *
You see here an arrow.
The centaur shoots an arrow.
The arrow misses you.
A bullfrog comes into view.
The centaur shoots an arrow.
The arrow completely misses you.
The centaur shoots an arrow.
The arrow hits you!
You die...

........# ........#
........#
#.......##### ###
........((.(#
#######..
........(.(.#
#.....#..
.........(..#
#.....#..
........((..#
#.....#..
######.@..(.#
#.....#..
#......####.....#..
..c...........)...'..
.........###########..
.'.F........( +..
.#............ #..
............... #..
............... #..
####... #..


You could see a bullfrog and a centaur.

Vanquished Creatures
  Sigmund (D:4)
  Menkaure (D:6)
  A water moccasin (D:5)
  An ice beast (D:6)
  A necrophage (D:6)
  2 bullfrogs
  A scorpion (D:4)
  3 killer bees (D:7)
  2 howler monkeys
  A bullfrog zombie (D:6)
  2 hounds (D:4)
  A jelly (D:4)
  2 bullfrog skeletons
  An iguana (D:6)
  Terence (D:3)
  3 orc wizards
  2 worker ants (D:4)
  A hound skeleton (D:4)
  A worker ant zombie (D:6)
  6 adders
  2 shadow imps
  2 worms (D:2)
  2 dart slugs
  4 leopard geckos
  14 orcs
  7 bats
  2 giant cockroaches (D:3)
  6 goblins
  7 hobgoblins
  8 jackals
  4 kobolds
  3 quokkas
  A frilled lizard (D:1)
  2 leopard gecko zombies
  11 rats
109 creatures vanquished.

Notes
Turn   | Place    | Note
-------+----------+-------------------------------------------
     0 | D:1      | Fang the Gargoyle Berserker began the quest for the Orb.
     0 | D:1      | Reached XP level 1. HP: 14/14 MP: 1/1
   223 | D:1      | Reached XP level 2. HP: 17/19 MP: 2/2
   752 | D:2      | Reached skill level 3 in Axes
   821 | D:2      | Reached XP level 3. HP: 19/24 MP: 3/3
  1075 | D:2      | Reached ** piety under Trog
  1815 | D:3      | Reached XP level 4. HP: 22/29 MP: 4/4
  1951 | D:3      | Reached skill level 4 in Axes
  1951 | D:3      | Reached XP level 5. HP: 34/34 MP: 5/5
  2039 | D:3      | Noticed Terence
  2060 | D:3      | Killed Terence
  2678 | D:4      | Found a shadowy altar of Dithmenos.
  2719 | D:4      | Reached XP level 6. HP: 29/39 MP: 6/6
  3025 | D:4      | Noticed Sigmund
  3037 | D:4      | Killed Sigmund
  3037 | D:4      | Reached skill level 5 in Axes
  3037 | D:4      | Reached skill level 1 in Stealth
  3074 | D:4      | Reached XP level 7. HP: 11/44 MP: 7/7
  3510 | D:4      | Reached *** piety under Trog
  3801 | D:4      | Reached skill level 5 in Fighting
  4241 | D:5      | Entered Level 5 of the Dungeon
  4308 | D:5      | Reached skill level 6 in Axes
  4332 | D:5      | Found a basalt altar of Yredelemnul.
  4471 | D:5      | Found a burning altar of Makhleb.
  4474 | D:5      | Found an opulent altar of Gozag.
  4477 | D:5      | Found a blossoming altar of Fedhas.
  4699 | D:5      | Found an ornate altar of the Wu Jian Council.
  4968 | D:6      | Reached XP level 8. HP: 44/50 MP: 8/8
  5014 | D:6      | Noticed Menkaure
  5020 | D:6      | Killed Menkaure
  5651 | D:6      | Reached skill level 7 in Axes
  5778 | D:6      | Found an ancient bone altar of Kikubaaqudgha.
  6161 | D:7      | Found a radiant altar of Vehumet.
  6498 | D:7      | Shot with an arrow by a centaur

Skill      XL: |  1  2  3  4  5  6  7  8 |
---------------+-------------------------+-----
Axes           | 3 4 5 6 7 |  7.4
Fighting       | 4 5 6 |  6.2
Dodging        | 2 3 4 |  4.4
Stealth        | 1 2 |  2.7
Armour         | |  2.4

Action                   |  1- 3 |  4- 6 |  7- 9 || total
-------------------------+-------+-------+-------++-------
Melee: Hand axe          |   112 |   127 |   269 ||   508
Invok: Berserk           |     1 |     3 |     4 ||     8
  Use: Potion            |       |       |     1 ||     1
 Stab: Sleeping          |     1 |       |     2 ||     3
  Eat: Chunk             |     3 |     6 |    12 ||    21
       Ration            |       |       |     1 ||     1
Armor: Animal skin       |    37 |    38 |       ||    75
       Robe              |       |       |   109 ||   109
Dodge: Dodged            |    88 |    95 |   167 ||   350
